 Dungeon Crawl Stone Soup version 0.30-a0-870-gc5d4c5acee (webtiles) character file.

Game seed: 9408373544913142926

263 Axe the Slasher (level 6, -2/37 HPs)
             Began as a Tengu Gladiator on Mar 11, 2023.
             Killed from afar by a white imp (8 damage)
             ... with a puff of frost
             ... summoned by Eustachio
             ... on level 4 of the Dungeon.
             The game lasted 00:04:37 (2737 turns).

Axe the Slasher (Tengu Gladiator)                   Turns: 2737, Time: 00:04:38

Health: -2/37      AC:  6    Str: 12    XL:     6   Next: 19%
Magic:  7/7        EV:  9    Int: 16    God:
Gold:   146        SH: 13    Dex: 16    Spells: 5/5 levels left

rFire   . . .      SeeInvis .    a - +0 long sword
rCold   . . .      Faith    +    s - +0 tower shield
rNeg    . . .      Spirit   .    v - +0 ring mail
rPois   .          Reflect  .    c - +0 hat
rElec   .          Rampage  .    g - +0 cloak
rCorr   .                        (no gloves)
Will    .....                    (boots unavailable)
Stlth   +                        k - amulet of Zuuruem {Faith Str-2 Int+6}
HPRegen 0.26/turn                (no ring)
MPRegen 0.10/turn                (no ring)

@: flying quickly and evasively, quick
A: beak, talons 3, nimble flight
a: no special abilities


You were on level 4 of the Dungeon.
You visited 1 branch of the dungeon, and saw 4 of its levels.

You collected 185 gold pieces.
You spent 39 gold pieces at shops.

Inventory:

Hand Weapons
 a - a +0 long sword (weapon)
 b - a +0 sling
Missiles
 d - 3 throwing nets (quivered)
 e - 6 javelins
Armour
 c - a +0 hat (worn)
 g - a +0 cloak (worn)
 j - a +0 leather armour
 s - a +0 tower shield (worn)
 v - a +0 ring mail (worn)
Jewellery
 k - the amulet of Zuuruem (around neck) {Faith Str-2 Int+6}
   (You found it on level 3 of the Dungeon)

   [amulet of faith]

   It allows you to gain divine favour quickly.
   Str:       It affects your strength (-2).
   Int:       It affects your intelligence (+6).
 u - a ring of protection from fire
 z - an amulet of the acrobat
Wands
 x - a wand of quicksilver (10)
 y - a wand of paralysis (3)
Scrolls
 h - 4 scrolls of identify {unknown}
 m - 3 scrolls of fog {unknown}
 n - 3 scrolls of teleportation {unknown}
 o - a scroll of vulnerability {unknown}
 p - a scroll of torment {unknown}
 r - a scroll of immolation {unknown}
 w - a scroll of blinking {unknown}
 A - a scroll of enchant armour {unknown}
Potions
 f - 3 potions of curing
 i - a potion of heal wounds {unknown}
 l - a potion of magic {unknown}
 q - 2 potions of flight {unknown}
 t - a potion of cancellation {unknown}
 B - a potion of degeneration {unknown}


   Skills:
 + Level 3.3 Fighting
 + Level 4.7 Long Blades
 - Level 2.0 Throwing
 + Level 4.5 Dodging
 * Level 2.9 Shields


You had 5 spell levels left.
You didn't know any spells.
Your spell library contained the following spells:

 Spells                   Type           Power      Damage    Failure   Level
 Lesser Beckoning         Tloc           0%         N/A       100%        2
 Gell's Gravitas          Tloc           0%         N/A       100%        3
 Ozocubu's Armour         Ice            0%         N/A       100%        3
 Teleport Other           Tloc           0%         N/A       100%        3
 Metabolic Englaciation   Hex/Ice        0%         N/A       100%        5
 Simulacrum               Ice/Necr       0%         N/A       100%        6


Dungeon Overview and Level Annotations

Branches:
Dungeon (4/15)
 Temple: D:4-7

Altars:

Shops:
D:2 *

Annotations:
D:4 Eustachio


Innate Abilities, Weirdness & Mutations

You have a beak for a mouth.
You have claws for feet.
Your magical nature lets you fly swiftly and evasively.


Message History

You block the white imp's attack. You block Eustachio's attack.
The river rat barely misses you.
You completely miss Eustachio. Your kick misses Eustachio.
You peck Eustachio, but do no damage.
Eustachio is moderately wounded.
You block the white imp's attack. You block Eustachio's attack.
The river rat bites you. The rat bites you but does no damage.
The river rat bites you.
The white imp hits you but does no damage. x2
You hit Eustachio. You claw Eustachio, but do no damage.
Eustachio is moderately wounded.
Eustachio says, "Summoning is fun!"
You block Eustachio's attack.
The river rat bites you but does no damage.
The river rat barely misses you. The rat bites you but does no damage.
The white imp misses you. The white imp gestures at you.
The puff of frost misses you.
The puff of frost hits the river rat!
You block Eustachio's attack. The rat bites you. The river rat bites you.
You block the river rat's attack.
Aiming: Paralyse
Press: ? - help, Shift-Dir - straight line, f/p - Eustachio
Aim: Eustachio, wielding a +0 falchion and wearing a +1 leather armour of willpower (moderately wounded, chance to affect: 17%) Eustachio resists with almost no effort.
The white imp barely misses you. The white imp gestures at you.
The puff of frost hits you! You block Eustachio's attack.
You block the river rat's attack. The rat bites you.
The river rat bites you but does no damage.
You hit Eustachio but do no damage. You claw Eustachio, but do no damage.
Eustachio is moderately wounded.
The white imp hits you. The white imp freezes you.
* * * LOW HITPOINT WARNING * * *
The white imp barely misses you. Eustachio barely misses you.
You block the rat's attack. You block the river rat's attack.
The river rat bites you.
* * * LOW HITPOINT WARNING * * *
The white imp gestures at you. The puff of frost hits you!
You die...

#.....# #.# ##.#.# #.....†..#
#.....# #.# #.#.# #.###.##.#
#.....# #.. ....# #.# #..# #
#.....# ### ##+## #.# ##.# #
###.### ##...## #.# #.#.#
###.#### ##.....## #.####.#.#
.......# ##....?<.## #........#
.......####....r....####...##.###
..........+..>.r@5..'.......#.#
.......####....@5r..###.....#.#
.......# ##....5..## #.###.#.#
.......# ##.....## #.# #...#
.......# ##..$## #.###.###
####.### ##+## #.....# #.# #.#
###.### #.##########.# #.#
#.##.....>##.## #.#


You could see Eustachio, 2 river rats, 2 white imps, an ufetubus (summoned) and
a rat (summoned).

Vanquished Creatures
  Ijyb (D:4)
  Jessica (D:3)
  An orc wizard (D:3)
  Natasha (thrice) (D:4)
  3 adders
  3 dart slugs
  9 orcs (D:3)
  9 endoplasms
  2 giant cockroaches
  4 goblins
  3 hobgoblins
  6 jackals
  7 kobolds
  2 quokkas
  A ball python (D:1)
  10 bats
  2 frilled lizards (D:3)
  2 rats
69 creatures vanquished.

Notes
Turn   | Place    | Note
-------+----------+-------------------------------------------
     0 | D:1      | Axe the Tengu Gladiator began the quest for the Orb.
     0 | D:1      | Reached XP level 1. HP: 12/12 MP: 2/2
   139 | D:1      | Reached XP level 2. HP: 17/17 MP: 3/3
   831 | D:2      | Reached XP level 3. HP: 19/22 MP: 4/4
  1157 | D:2      | Found Arigy's General Store.
  1167 | D:2      | Bought a potion of curing for 39 gold pieces
  1715 | D:3      | Reached skill level 1 in Shields
  1715 | D:3      | Reached XP level 4. HP: 19/27 MP: 5/5
  1821 | D:3      | Noticed Jessica
  1831 | D:3      | Killed Jessica
  1832 | D:3      | Gained mutation: Your magical nature lets you fly swiftly
                  | and evasively. [Tengu growth]
  1832 | D:3      | Reached XP level 5. HP: 22/32 MP: 6/6
  2000 | D:3      | Found a faded altar of an unknown god.
  2078 | D:3      | Identified the amulet of Zuuruem {Faith Str-2 Int+6}
  2411 | D:4      | Noticed Natasha
  2414 | D:4      | Killed Natasha
  2431 | D:4      | Noticed Ijyb
  2442 | D:4      | Paralysed by Ijyb for 4 turns
  2446 | D:4      | Killed Ijyb
  2503 | D:4      | Noticed Natasha
  2515 | D:4      | Killed Natasha
  2516 | D:4      | Reached XP level 6. HP: 16/37 MP: 7/7
  2602 | D:4      | Noticed Natasha
  2611 | D:4      | Killed Natasha
  2719 | D:4      | Noticed Eustachio
  2737 | D:4      | Killed from afar by a white imp

Illustrated notes

Levels and vault maps discovered:
D:1:      amcnicky_arrival_choice, layout_loops_corners
D:2:      layout_loops_ring, serial_shops, nicolae_shop_advertising_works
          [nicolae_subvault_shop_adworks], minmay_fractal_squares_gapless_5
D:3:      layout_loops_ring, basic_ecumenical_altar, uniq_jessica
D:4:      layout_loops_corners, kennysheep_cross_room, kennysheep_crisscross,
          uniq_eustachio, uniq_ijyb, uniq_natasha

Skill      XL: |  1  2  3  4  5 |
---------------+----------------+-----
Long Blades    | 4 |  4.7
Dodging        | 4 |  4.5
Shields        | 1 2 |  2.9
Fighting       | 3 |  3.3
Throwing       | |  2.0

Action                     |  1- 3 |  4- 6 || total
---------------------------+-------+-------++-------
  Melee: Long sword        |    82 |    88 ||   170
         Kick              |    20 |    24 ||    44
         Peck              |    11 |    11 ||    22
   Fire: Sling             |    14 |     2 ||    16
  Throw: Throwing net      |       |     1 ||     1
  Evoke: Wand              |       |     2 ||     2
   Stab: Sleeping          |     2 |       ||     2
         Paralysed         |       |     4 ||     4
 Armour: Leather armour    |    23 |     3 ||    26
         Ring mail         |       |    27 ||    27
  Dodge: Dodged            |    47 |    34 ||    81
  Block: Buckler           |    11 |     4 ||    15
         Tower shield      |       |    60 ||    60

Table legend: (Time is in decaauts)
 A = Elapsed time spent in this place.
 B = Non-inter-level travel time spent in this place.
 C = Inter-level travel time spent in this place.
 D = Time resting spent in this place.
 E = Time spent auto-exploring this place.
 F = Levels seen in this place.
 G = Mean time per level.
                   A        B        C        D        E       F      G
               +--------+--------+--------+--------+--------+-----+--------+
         Total |   2748 |   2707 |     41 |    233 |   1846 |   4 |  687.0 |
       Dungeon |   2748 |   2707 |     41 |    233 |   1846 |   4 |  687.0 |
               +--------+--------+--------+--------+--------+-----+--------+

Top non-repeatable levels by time:
     D:2: 902 daAuts
     D:1: 799 daAuts
     D:3: 627 daAuts
     D:4: 419 daAuts
